 Dungeon Crawl Stone Soup version 0.26-a0-812-g31a745ddcd (webtiles) character file.

Game seed: 6996087086458756456

41 Lanoc the Gusty (level 3, 0/19 HPs)
             Began as a Kobold Air Elementalist on Dec 1, 2020.
             Succumbed to an adder's poison
             ... on level 2 of the Dungeon.
             The game lasted 00:01:06 (955 turns).

Lanoc the Gusty (Kobold Air Elementalist)            Turns: 955, Time: 00:01:07

Health: 0/19       AC:  2    Str:  5    XL:     3   Next: 75%
Magic:  0/6        EV: 16    Int: 19    God:
Gold:   1          SH:  0    Dex: 15    Spells: 5/6 levels left

rFire    . . .     SeeInvis .   (weapon restricted)
rCold    . . .     Faith    .   (shield restricted)
rNeg     . . .     Spirit   .   a - +0 robe
rPois    .         Reflect  .   (helmet restricted)
rElec    .         Harm     .   (no cloak)
rCorr    .         Rampage  .   (no gloves)
MR       +....                  (no boots)
Stlth    +++.......             (no amulet)
HPRegen  0.06/turn              c - ring of protection from magic
MPRegen  0.10/turn              (no ring)

@: lethally poisoned (0 -> -6)
A: small, horns 1, clever 1, nightstalker 3
a: no special abilities


You were on level 2 of the Dungeon.
You visited 1 branch of the dungeon, and saw 2 of its levels.

You collected 1 gold pieces.

Inventory:

Armour
 a - a +0 robe (worn)
Jewellery
 c - a ring of protection from magic (left hand)
 e - an uncursed amulet of the acrobat {unknown}
Scrolls
 d - a scroll of amnesia {unknown}
 f - a scroll of enchant armour {unknown}


   Skills:
 + Level 3.1 Dodging
 - Level 2.6 Stealth
 - Level 2.1 Spellcasting
 + Level 1.7 Conjurations
 * Level 3.8 Air Magic


You had 5 spell levels left.
You knew the following spells:

 Your Spells              Type           Power        Failure   Level
a - Shock                 Conj/Air       ##..         5%          1

Your spell library contained the following spells:

 Spells                   Type           Power        Failure   Level
 Swiftness                Air            ###.....     5%          2
 Static Discharge         Conj/Air       ##......     16%         3
 Airstrike                Air            ###.......   34%         4
 Lightning Bolt           Conj/Air       ##........   82%         5


Dungeon Overview and Level Annotations

Branches:
Dungeon (2/15)

Altars:


Innate Abilities, Weirdness & Mutations

You are small and have problems with some larger weapons.
You are completely attuned to the shadows.
You have a pair of small horns on your head.
Your mind is acute. (Int +2)


Message History

The adder is severely wounded.
* * * LOW HITPOINT WARNING * * *
You feel sick. The adder closely misses you.
You hit the adder but do no damage.
The adder is severely wounded.
The adder bites you but does no damage.
Casting: Shock (safe; 5% risk of failure)
Confirm with . or Enter, or press ? or * to list all spells.
Aiming: Shock (safe; 5% risk of failure)
Press: ? - help, Shift-Dir - straight line, f/p - adder
Aim: an adder (severely wounded)
The zap misses the adder.
The adder bites you but does no damage. The adder misses you.
You hit the adder but do no damage. You headbutt the adder.
The adder is almost dead.
* * * LOW HITPOINT WARNING * * *
You feel sick. The adder barely misses you.
You hit the adder.
You kill the adder!
You die...

#.......# (. #.##...## #.
#.... #......# #.
#...########...# ##' ...
#......#.## ##.. #.#
#.####.#.# ##... ##.###.#
#...# ##....
#...##.####...####.....
....#..@..........'.....
...#.#.#.###....####.....
.#...#.#.###.>.## ##....
#...##......## ##... ##
#####.## ##.. #.# ##† #.#
#####. #.# #.....
#.#######.....


There were no monsters in sight!

Vanquished Creatures
  2 adders (D:2)
  An ooze (D:2)
  A leopard gecko (D:1)
  A giant cockroach (D:1)
  3 goblins
  2 hobgoblins
  2 jackals (D:2)
  2 kobolds (D:1)
  2 bats
  A rat (D:1)
17 creatures vanquished.

Notes
Turn   | Place    | Note
-------+----------+-------------------------------------------
     0 | D:1      | Lanoc the Kobold Air Elementalist began the quest for the
                  | Orb.
     0 | D:1      | Reached XP level 1. HP: 10/10 MP: 3/3
   376 | D:1      | Reached XP level 2. HP: 15/15 MP: 0/5
   764 | D:2      | Reached XP level 3. HP: 17/19 MP: 0/6
   949 | D:2      | Gained mutation: Your mind is acute. (Int +2) [potion of
                  | mutation]
   949 | D:2      | Gained mutation: You are clumsy. (Dex -2) [potion of
                  | mutation]
   949 | D:2      | Lost mutation: You are clumsy. (Dex -2) [potion of
                  | mutation]
   949 | D:2      | Gained mutation: You have a pair of small horns on your
                  | head. [potion of mutation]
   955 | D:2      | Succumbed to an adder's poison

Illustrated notes

Levels and vault maps discovered:
D:1:      lemuel_arrival_lava_pool, layout_rooms
D:2:      layout_loops_corners, chequers_ecumenical_altar_simple_redux,
          minmay_nonomino_d4

Skill      XL: |  1  2  3 |
---------------+----------+-----
Dodging        | 3 |  3.1
Stealth        | |  2.6
Spellcasting   | |  2.1
Conjurations   | |  1.7
Air Magic      | |  3.8

Action                   || total
-------------------------++-------
Melee: Unarmed           ||    38
       Headbutt          ||     1
 Cast: Shock             ||    42
  Use: Potion            ||     1
Armor: Robe              ||    17
Dodge: Dodged            ||    48

Table legend: (Time is in decaauts)
 A = Elapsed time spent in this place.
 B = Non-inter-level travel time spent in this place.
 C = Inter-level travel time spent in this place.
 D = Time resting spent in this place.
 E = Time spent auto-exploring this place.
 F = Levels seen in this place.
 G = Mean time per level.
                   A        B        C        D        E       F      G
               +--------+--------+--------+--------+--------+-----+--------+
         Total |    954 |    945 |      9 |      0 |    817 |   2 |  477.0 |
       Dungeon |    954 |    945 |      9 |      0 |    817 |   2 |  477.0 |
               +--------+--------+--------+--------+--------+-----+--------+

Top non-repeatable levels by time:
     D:1: 502 daAuts
     D:2: 451 daAuts
